 Dungeon Crawl Stone Soup version 0.32-a0-893-gf85d74f360 (webtiles) character file.

Game seed: 16958673076902078125

2911 DEFE the Cleaver (level 9, -1/63 HPs)
             Began as a Coglin Fighter on Apr 3, 2024.
             Was an Initiate of Gozag.
             Slain by a two-headed ogre
             ... wielding a +0 giant club
              (15 damage)
             ... on level 8 of the Dungeon.
             The game lasted 00:06:01 (6630 turns).

DEFE the Cleaver (Coglin Fighter)                   Turns: 6630, Time: 00:06:02

Health: -1/63      AC: 15    Str: 21    XL:     9   Next: 78%
Magic:  9/9        EV:  8    Int:  8    God:    Gozag
Gold:   1849       SH:  0    Dex: 13    Spells: 8/8 levels left

rFire   . . .        E - +9 staff of Olgreb {rPois∞}
rCold   + . .        z - +1 flail (freeze) {Bonhwa}
rNeg    . . .        K - +7 Kryia's mail coat {PotionHeal*2 rC+}
rPois   ∞            (no helmet)
rElec   .            v - +1 cloak
rCorr   .            (no gloves)
SInv    .            (no boots)
Will    .....        (amulet unavailable) Stlth
                     (ring unavailable)
HPRegen 0.30/turn    (ring unavailable)
MPRegen 0.11/turn    (no gizmo)

%: no passive effects
@: revved
A: off-hand wielding, slow wielding, warmup strikes, no jewellery
a: Invent Gizmo, Renounce Religion, Evoke the Staff of Olgreb, Potion Petition,
Call Merchant, Bribe Branch


You were on level 8 of the Dungeon.
You worshipped Gozag.
Gozag was most pleased with you.
You visited 2 branches of the dungeon, and saw 9 of its levels.

You collected 2269 gold pieces.
You spent 318 gold pieces at shops.
You paid 102 gold pieces to Gozag.

Inventory:

Hand Weapons
 a - a +0 war axe {Qing}
 j - a +2 whip of venom {Cortez}
 z - a +1 flail of freezing (offhand) {Bonhwa}
 E - the +9 staff of Olgreb (weapon) {rPois∞}
   (You acquired it on level 6 of the Dungeon)

   Radiate:   It can be activated via the 'a'bility menu to radiate toxic
   energy, with effectiveness depending on Evocations skill.
   Alch:      It enhances your alchemy magic.
   rPois∞: It grants immunity to poison.
Missiles
 A - 6 curare-tipped darts (quivered)
 H - a throwing net
Armour
 b - a +0 scale mail
 c - a +0 buckler
 v - a +1 cloak (worn)
 w - the +2 scale mail of Inaction {Will- Dex+5}
   (You found it on level 3 of the Dungeon)

   Dex+5:     It affects your dexterity (+5).
   Will-:     It decreases your willpower.
 K - the +7 Kryia's mail coat (worn) {PotionHeal*2 rC+}
   (You found it on level 7 of the Dungeon)

   PotionHeal*2: Potions heal its wearer twice as much.
   rC+:       It protects you from cold.
Wands
 B - a wand of polymorph (11)
Scrolls
 g - 6 scrolls of teleportation
 k - 3 scrolls of silence
 l - 3 scrolls of revelation
 n - 4 scrolls of identify
 o - a scroll of amnesia
 r - a scroll of enchant armour {unknown}
 s - 2 scrolls of noise
 x - 2 scrolls of summoning {unknown}
 y - 2 scrolls of brand weapon {unknown}
 C - a scroll of vulnerability {unknown}
 D - a scroll of poison
 G - a scroll of blinking {unknown}
 I - a scroll of fear
 L - a scroll of acquirement
Potions
 d - a potion of might
 e - a potion of resistance {unknown}
 f - a potion of brilliance
 h - a potion of lignification {unknown}
 i - a potion of heal wounds {unknown}
 m - 2 potions of cancellation {unknown}
 p - a potion of curing
 q - a potion of enlightenment {unknown}
 t - a potion of ambrosia {unknown}
 u - a potion of degeneration {unknown}
 F - a potion of mutation {unknown}
 J - 2 potions of magic {unknown}


   Skills:
 - Level 3.0 Fighting
 + Level 12.8 Axes
 - Level 2.6 Armour
 - Level 2.1 Shields
 + Level 4.3 Evocations


You had 8 spell levels left.
You didn't know any spells.
Your spell library contained the following spells:

 Spells                   Type           Power      Damage    Failure   Level
 Sting                    Conj/Alch      0%         1d3       75%         1
 Lesser Beckoning         Tloc           0%         N/A       87%         2
 Mercury Vapours          Alch/Air       0%         N/A       87%         2
 Maxwell's Portable Pile  Tloc           0%         2d(5-13)  98%         3
 Teleport Other           Tloc           0%         N/A       98%         3
 Olgreb's Toxic Radiance  Alch           0%         N/A       100%        4


Dungeon Overview and Level Annotations

Branches:
Dungeon (8/15)             Temple (1/1) D:6
   Lair: D:8-11

Altars:
Ashenzari
Cheibriados
Elyvilon
Fedhas
Gozag
Hepliaklqana
Kikubaaqudgha
Makhleb
Nemelex Xobeh
Okawaru
Qazlal
Sif Muna
Trog
Uskayaw
Vehumet
Wu Jian
Xom
Yredelemnul
Zin
The Shining One
Beogh

Shops:
D:4 :   D:6 !   D:7 ?   D:8 (:

Annotations:
D:4 3 runed translucent doors, Konar's ghost, amateur CoHu


Innate Abilities, Weirdness & Mutations

You can wield a second weapon in your off-hand.
It takes a long time for you to wield or remove held weapons.
Your first few attacks do less damage.
You cannot equip rings or amulets.


Message History

The two-headed ogre hits you but does no damage.
The two-headed ogre hits you with a +0 giant club.
Unknown command.
You hit the two-headed ogre with the +9 staff of Olgreb.
You envenom the two-headed ogre.
The two-headed ogre looks even sicker.
The two-headed ogre is heavily wounded.
You barely miss the two-headed ogre with your +1 flail of freezing.
The two-headed ogre hits you with a +0 giant club!
The two-headed ogre hits you with a +0 giant club.
Unknown command.
You hit the two-headed ogre but do no damage.
The two-headed ogre is heavily wounded.
You hit the two-headed ogre but do no damage.
The two-headed ogre hits you with a +0 giant club!
The two-headed ogre closely misses you.
Unknown command.
You are too injured to fight recklessly!
You are too injured to fight recklessly!
Unknown command.
You are too injured to fight recklessly!
You hit the two-headed ogre but do no damage.
The two-headed ogre is heavily wounded.
You hit the two-headed ogre with the +9 staff of Olgreb.
You envenom the two-headed ogre.
The two-headed ogre looks even sicker.
An orc wizard comes into view. It is wielding a +0 dagger of venom.
You barely miss the two-headed ogre with your +1 flail of freezing.
The two-headed ogre is heavily wounded.
The orc wizard shouts!
You hit the two-headed ogre with the +9 staff of Olgreb.
You hear a shout!
The two-headed ogre hits you with a +0 giant club.
The two-headed ogre hits you with a +0 giant club!
* * * LOW HITPOINT WARNING * * *
You hit the two-headed ogre with your +1 flail of freezing.
You freeze the two-headed ogre.
The two-headed ogre is severely wounded.
You sock the two-headed ogre with the +9 staff of Olgreb!
The two-headed ogre hits you with a +0 giant club!
You die...
Your body crumbles into a pile of gold.

#######..............####...
#....................# #...
#....................# #...
#....................# #...
#......#'########+#### #...
#......#...#....... #...
#......#...#....... #...
#......#...#....... #...
#......+...@O...o.. #...
#......#...#.......
#..###.###.. ##+# .# . .# #


You could see a two-headed ogre (very poisoned) and an orc wizard.

Vanquished Creatures
  2 hornets
  A water moccasin (D:7)
  3 ice beasts
  A sky beast (D:7)
  A black bear (D:6)
  2 ogres
  A weeping skull (D:3)
  3 bullfrogs
  A kobold brigand (D:7)
  A scorpion (D:6)
  8 wights
  4 bombardier beetles
  3 howler monkeys (D:7)
  2 quasits (D:5)
  A hound (D:7)
  2 orc priests (D:5)
  2 jellies
  A gnoll bouda (D:7)
  Crazy Yiuf (D:2)
  5 iguanas
  3 orc wizards
  6 adders
  4 gnolls
  2 shadow imps
  A white imp (D:5)
  4 ufetubi
  2 ribbon worms
  5 dart slugs
  17 orcs
  6 bats
  7 endoplasms
  3 giant cockroaches
  5 goblins
  8 hobgoblins
  8 jackals
  16 kobolds
  6 quokkas
  4 ball pythons
  3 frilled lizards
  6 rats
  A spectral orc (D:3)
162 creatures vanquished.

Notes
Turn   | Place    | Note
-------+----------+-------------------------------------------
     0 | D:1      | DEFE the Coglin Fighter began the quest for the Orb.
     0 | D:1      | Reached XP level 1. HP: 18/18 MP: 1/1
    40 | D:1      | Reached XP level 2. HP: 13/24 MP: 2/2
   149 | D:1      | Reached skill level 3 in Axes
   242 | D:1      | Reached XP level 3. HP: 29/29 MP: 3/3
   683 | D:1      | You fall into a shaft and drop 1 floor!
   769 | D:2      | Found a broken altar of Ashenzari.
   787 | D:2      | Reached skill level 4 in Axes
   887 | D:2      | Reached XP level 4. HP: 35/35 MP: 4/4
  1270 | D:2      | Found a runed translucent door.
  1271 | D:2      | Noticed Crazy Yiuf
  1554 | D:2      | Killed Crazy Yiuf
  1715 | D:3      | Reached skill level 5 in Axes
  1715 | D:3      | Reached XP level 5. HP: 41/41 MP: 5/5
  1726 | D:3      | Identified the +2 scale mail of Inaction {Will- Dex+5}
  1798 | D:3      | Found a snail-covered altar of Cheibriados.
  1975 | D:3      | Found a glowing golden altar of the Shining One.
  2133 | D:3      | Found a basalt altar of Yredelemnul.
  2133 | D:3      | Noticed a weeping skull
  2141 | D:3      | Killed a weeping skull
  2318 | D:4      | Reached skill level 6 in Axes
  2320 | D:4      | Reached XP level 6. HP: 44/47 MP: 6/6
  2461 | D:4      | Reached skill level 7 in Axes
  2474 | D:4      | Reached XP level 7. HP: 46/52 MP: 7/7
  2484 | D:4      | Reached skill level 8 in Axes
  2578 | D:4      | Identified the +5 ring mail "Fexupuh" {rN+}
  2580 | D:4      | Found a runed translucent gate.
  2623 | D:4      | Found a runed translucent gate.
  2624 | D:4      | Found a runed translucent gate.
  2626 | D:4      | Noticed Konar's ghost (amateur CoHu)
  2793 | D:4      | Found Lounofa Heso's Tremendous Tomes.
  3009 | D:4      | Found a roughly hewn altar of Beogh.
  3057 | D:5      | Entered Level 5 of the Dungeon
  3308 | D:5      | Reached skill level 9 in Axes
  3308 | D:5      | Reached XP level 8. HP: 46/58 MP: 8/8
  3623 | D:5      | Noticed a hornet
  3626 | D:5      | Paralysed by a hornet for 1 turns
  3631 | D:5      | Killed a hornet
  3632 | D:5      | Reached skill level 10 in Axes
  3906 | D:5      | Found a sparkling altar of Nemelex Xobeh.
  4112 | D:5      | Found a blossoming altar of Fedhas.
  4165 | D:5      | Identified 2 scrolls of acquirement
  4167 | D:5      | Acquired 1327 gold pieces
  4170 | D:5      | Acquired 314 gold pieces
  4201 | D:6      | Found a staircase to the Ecumenical Temple.
  4228 | Temple   | Entered the Ecumenical Temple
  4505 | D:6      | Reached skill level 11 in Axes
  4514 | D:6      | Reached XP level 9. HP: 21/63 MP: 9/9
  4846 | D:6      | Found an opulent altar of Gozag.
  4903 | D:6      | Found Wyarat's Distillery.
  4933 | D:6      | Became a worshipper of Gozag Ym Sagoz the Greedy
  5370 | D:6      | Acquired the +9 staff of Olgreb {rPois∞}
  5370 | D:6      | Found the +9 staff of Olgreb {rPois∞}
  5392 | D:7      | Found a radiant altar of Vehumet.
  5445 | D:7      | Noticed a hornet
  5459 | D:7      | Killed a hornet
  5460 | D:7      | Reached skill level 12 in Axes
  5666 | D:7      | Found a hide-covered altar of Uskayaw.
  5701 | D:7      | Reached skill level 1 in Evocations
  5920 | D:7      | Found an ornate altar of the Wu Jian Council.
  5998 | D:7      | Found Ischel's Magic Scroll Emporium.
  6008 | D:7      | Bought a scroll of identify for 22 gold pieces
  6008 | D:7      | Bought a scroll of revelation for 82 gold pieces
  6008 | D:7      | Bought a scroll of silence for 104 gold pieces
  6008 | D:7      | Bought a scroll of teleportation for 33 gold pieces
  6008 | D:7      | Bought a scroll of teleportation for 33 gold pieces
  6008 | D:7      | Bought a scroll of fear for 44 gold pieces
  6193 | D:7      | Found the +7 Kryia's mail coat {PotionHeal*2 rC+}
  6512 | D:8      | Found Tesycix's Weapon Emporium.
  6552 | D:8      | Found Juul's Book Boutique.
  6621 | D:8      | Noticed a two-headed ogre
  6630 | D:8      | Slain by a two-headed ogre

Illustrated notes

Levels and vault maps discovered:
D:1:      minmay_arrival_four_houses, layout_loops_ring, minmay_split_cup_large
D:2:      layout_loops_ring, basic_altar, serial_bayou_lake_a,
          uniq_crazy_yiuf_cottage
D:3:      layout_loops_cross, cheibriados_altar_1,
          yredelemnul_forgotten_temple_becter, nicolae_overflow_crystal_walls
D:4:      layout_cave_pools, biasface_ghost_orc_armoury,
          nicolae_shop_i_like_big_books
D:5:      layout_basic, mainiacjoe_overflow_alcove_4, fedhas_altar_fruit_tree,
          serial_demonic, serial_demonic_d, serial_demonic_c, serial_demonic_d,
          serial_demonic_b, minmay_misc_feat_encased
D:6:      layout_basic, nicolae_gozag_seed_capital, temple_pool_b, serial_shops,
          nicolae_take_the_stairs, kennysheep_minor_cross,
          corexii_leaking_fountain, dreamdust_princess_corridor,
          kennysheep_generic_room_10
D:7:      layout_basic, nicolae_uskayaw_murder_on_the_dancefloor,
          nzn_wu_jian_council_hall, mainiacjoe_overflow_brackets, serial_shops,
          shop, kennysheep_generic_room_14
D:8:      layout_gridville, marbit_many_paths, serial_shops,
          nicolae_shop_crystal, shop, shop, nicolae_square_shop, shop
Temple:   hellmonk_temple_micro_hex

Skill      XL: |  1  2  3  4  5  6  7  8  9 |
---------------+----------------------------+-----
Axes           | 3 4 5 6 7 9 11 12 | 12.8
Evocations     | 4 |  4.3
Fighting       | |  3.0
Armour         | |  2.6
Shields        | |  2.1

Action                     |  1- 3 |  4- 6 |  7- 9 || total
---------------------------+-------+-------+-------++-------
  Melee: War axe           |   102 |    72 |     9 ||   183
         Whip              |    15 |    76 |   116 ||   207
         Flail             |       |       |   168 ||   168
         Unarmed           |       |       |     1 ||     1
         Staff             |       |       |    67 ||    67
    Use: Scroll            |       |       |     8 ||     8
         Potion            |       |       |     5 ||     5
   Stab: Distracted        |       |       |     2 ||     2
 Armour: Scale mail        |    67 |    77 |   189 ||   333
  Dodge: Dodged            |    46 |    30 |    88 ||   164
  Block: Buckler           |    26 |       |       ||    26

Table legend: (Time is in decaauts)
 A = Elapsed time spent in this place.
 B = Non-inter-level travel time spent in this place.
 C = Inter-level travel time spent in this place.
 D = Time resting spent in this place.
 E = Time spent auto-exploring this place.
 F = Levels seen in this place.
 G = Mean time per level.
                   A        B        C        D        E       F      G
               +--------+--------+--------+--------+--------+-----+--------+
         Total |   6722 |   6438 |    284 |    977 |   4361 |   9 |  746.9 |
       Dungeon |   6721 |   6437 |    284 |    977 |   4361 |   8 |  840.1 |
        Temple |      1 |      1 |      0 |      0 |      0 |   1 |    1.0 |
               +--------+--------+--------+--------+--------+-----+--------+

Top non-repeatable levels by time:
     D:6: 1213 daAuts
     D:7: 1135 daAuts
     D:5: 1109 daAuts
     D:2: 989 daAuts
     D:4: 767 daAuts
     D:1: 714 daAuts
     D:3: 672 daAuts
     D:8: 118 daAuts
  Temple: 1 daAuts
